Workbook

Sheet Limpeza
A1: PLANILHA DE CUSTOS E FORMAÇÃO DE PREÇOS DE SERVIÇOS CONTINUADOS COM DEDICAÇÃO EXCLUSIVA DE MÃO DE OBRA (ANEXO III - DECRETO 52.768 de 15.12.2015)
A2: PROCESSO: | C2: 24/2000-0164648-0 | E2: REGIME DE TRIBUTAÇÃO: LUCRO PRESUMIDO
A3: LICITAÇÃO/EDITAL | E3: ABERTURA:
A5: Cargo/Função: | D5: Limpeza | G5: =IF(D6="12x36","Regime de trabalho:","Quantidade de HORAS/MÊS") -> Quantidade de HORAS/MÊS | I5: =IF(D6="12x36",D6,5*D6) -> 200
A6: =IF(D6="12x36","Regime de trabalho:","Regime de trabalho (horas semanais):") -> Regime de trabalho (horas semanais): | D6: 40
A7: Convenção Coletiva de Trabalho: | D7: rs000044/2024 | G7: INSALUBRIDADE (10%, 20%, 40%) | I7: 0.4
A8: Origem do salário: | D8: rs000044/2024
A9: Cidade: | D9: Porto Alegre | G9: PERICULOSIDADE (30%) | I9: Não aplicável
A10: Salário Normativo | G10: Vlr. do salário e nº de horas correspondentes | H10: 220 | I10: 1540.51
A11: ISS | G11: =D9 -> Porto Alegre | H11: Alíquota | I11: 0.025
A12: Tarifa Transporte - cláusula vigésima | G12: CCT | H12: Vr. Unitário | I12: 4.8
H13: Dias | I13: 22
H14: Desconto | I14: 0.06
A15: Auxílio Alimentação - cláusula décima oitava | G15: CCT | H15: Vr. Unitário | I15: 23.68
H16: Dias | I16: 22
H17: Desconto | I17: 0.19
A18: Auxílio Lanche - cláusula décima nona | G18: CCT | H18: Vr. Unitário | I18: 11.84
H19: Dias | I19: 0
H20: Desconto | I20: 0
A21: Outros benefícios que refletem na planilha de custos, caso constem na CCT. Obs.: PARA POSTOS REFERENTE A CCT DA SINDASSEIO E SEEAC (LIMPEZA E OUTROS), UTILIZAR ESTE CAMPO PARA O PLANO DE BENEFÍCIO SOCIAL FAMILIAR. | G21: CCT | H21: Valor mensal | I21: 19.42
A22: Adicional de Supervisor (37%) | H22: Porcentagem | I22: Não aplicável
A23: Base de cálculo da insalubridade - cláusula décima sétima | H23: Valor | I23: =I31 -> 1400.4636
A24: Quantitativo de horas trabalhadas em feriados no mês (estimado) - Não aplicável para postos 12x36 | H24: Horas por mês | I24: Não aplicável
H25: Acréscimo da hora extra | I25: Não aplicável
A26: Hora Intervalar (somente para postos 12x36, quando for o caso) | H26: Horas por mês | I26: Não aplicável
A27: Sem fornecimento de materiais ou apenas fornecimento de EPIs ou uniformes, utilizar 10%. Com fornecimento de materiais ou equipamentos, utilizar 20%. (Decreto 52.768/2015, alterado pelo Decreto 53.424/2017) | H27: Porcentagem | I27: 0.2
A29: MONTANTE A
A30: I | B30: Remuneração - Grupo I | H30: % | I30: Valor Mensal/unidade de serviço (R$)
A31: 1 | B31: Salário | H31: =I31/I40 -> 0.71428571 | I31: =IF(D6="12x36",I10,I10/H10*I5) -> 1400.4636
A32: =A31+1 -> 2 | B32: Adicional Periculosidade 30% (Ver súmulas 364, 132 e 191 do TST) | H32: =I32/I40 -> 0 | I32: =IF(I9=30%,I31*I9,0) -> 0
A33: =A32+1 -> 3 | B33: Adicional Insalubridade 10% (Ver súmula 228 e 139 TST) | H33: =I33/I40 -> 0 | I33: =IF(I7=10%,I23*I7,0) -> 0
A34: =A33+1 -> 4 | B34: Adicional Insalubridade 20% (Ver súmula 228 e 139 TST) | H34: =I34/I40 -> 0 | I34: =IF(I7=20%,I23*I7,0) -> 0
A35: =A34+1 -> 5 | B35: Adicional Insalubridade 40% (Ver súmula 228 e 139 TST) | H35: =I35/I40 -> 0.28571429 | I35: =IF(I7=40%,I23*I7,0) -> 560.18545
A36: =A35+1 -> 6 | B36: Adicional de Supervisor (IN 02/2008 MPOG SLTI) | H36: =I36/I40 -> 0 | I36: =IF(I22="Não aplicável",0,I31*I22) -> 0
A37: =A36+1 -> 7 | B37: Feriados | H37: =I37/I40 -> 0 | I37: =IF(I24="Não aplicável",0,(I31+I32+I33+I34+I35+I36+I39)/I5*I24*(1+I25)) -> 0
A38: =A37+1 -> 8 | B38: DSR = número total das horas extras do mês / número de dias úteis X domingos e feriados do mês X valor da hora extra com acréscimo | H38: =I38/I40 -> 0 | I38: =IF(I24="Não aplicável",0,I24/I13*5*(I10/H10*(1+I25))) -> 0
A39: =A38+1 -> 9 | B39: =IF(D6="12x36","Para postos 12x36 os feriados são considerados compensados, conforme parágrafo único, Art. 59-A da CLT","Outros") -> Outros | H39: =I39/I40 -> 0 | I39: 0
A40: Total de Remuneração | H40: =SUM(H31:H39) -> 1 | I40: =SUM(I31:I39) -> 1960.6491
A42: II | B42: Encargos Sociais - Grupo II: Obrigações Sociais | H42: % | I42: Valor Mensal/unidade de serviço (R$)
A43: 1 | B43: INSS (art. 22, inc. I, Lei nº 8.212/91) | H43: 0.2 | I43: =I40*H43 -> 392.12982
A44: 2 | B44: SESI ou SESC (art. 30, Lei nº 8.036/90) | H44: 0.015 | I44: =I40*H44 -> 29.409736
A45: 3 | B45: SENAI ou SENAC (Decreto-Lei nº 2.318/86) | H45: 0.01 | I45: =I40*H45 -> 19.606491
A46: 4 | B46: INCRA (art. 15I, Lei Complementar nº 011/71) | H46: 0.002 | I46: =I40*H46 -> 3.9212982
A47: 5 | B47: SALÁRIO EDUCAÇÃO (art. , inc. I, Decreto nº 87.043/82) | H47: 0.025 | I47: =I40*H47 -> 49.016227
A48: 6 | B48: FGTS (art. 15, Lei nº 8.036/90) | H48: 0.08 | I48: =I40*H48 -> 156.85193
A49: 7 | B49: SEG. ACIDENTE DO TRABALHO 1%, 2% e 3% (art. 22, inc. II, alíneas "b" e "c", da Lei nº 8.212/91) | H49: 0.005 | I49: =I40*H49 -> 9.8032455
A50: 8 | B50: SEBRAE (§ 3º, art. 8º, Lei nº 8.029/90) | H50: 0.006 | I50: =I40*H50 -> 11.763895
A51: Total do Grupo II | H51: =SUM(H43:H50) -> 0.343 | I51: =SUM(I43:I50) -> 672.50264
A52: Os percentuais para o SAT podem variar de 0,50% a 6,00% em função do Fator de Acidente Previdenciário (FAP), Decreto nº 6.957/2009
A53: Deverá obrigatoriamente acompanhar a proposta de preços e a planilha de custos e formação de preços a prova do Fator Acidentário de Prevenção – FAP por meio de impressão de consulta ao site do Ministério da Previdência Social (que pode ser obtido no endereço eletrônico http://www2.dataprev.gov.br/fap/fap.htm), independentemente de alteração da alíquota da parcela do Seguro Acidente de Trabalho disposta no Quadro II da referida planilha.
A54: III | B54: Encargos Sociais - Grupo III: Tempo Não Trabalhado | H54: % | I54: Valor Mensal/unidade de serviço (R$)
A55: 1 | B55: FÉRIAS GOZADAS + ADICIONAL DE FÉRIAS | H55: 0.119314 | I55: =I40*H55 -> 233.93289
A56: 2 | B56: FALTAS ABONADAS (3) | H56: 0.020479 | I56: =I40*H56 -> 40.152133
A57: 3 | B57: FALTAS LEGAIS (4) | H57: 0.012123 | I57: =I40*H57 -> 23.768949
A58: 4 | B58: LICENÇA MATERNIDADE | H58: 0.011436 | I58: =I40*H58 -> 22.421983
A59: 5 | B59: LICENÇA PATERNIDADE | H59: 0.000174 | I59: =I40*H59 -> 0.34115294
A60: 6 | B60: ACIDENTE DE TRABALHO | H60: 0.000442 | I60: =I40*H60 -> 0.8666069
A61: 7 | B61: AVISO PRÉVIO TRABALHADO | H61: 0.000185 | I61: =I40*H61 -> 0.36272008
A62: 8 | B62: 13º SALÁRIO | H62: 0.09079 | I62: =I40*H62 -> 178.00733
A63: Total do Grupo III | H63: =SUM(H55:H62) -> 0.254943 | I63: =SUM(I55:I62) -> 499.85376
A64: (3) | B64: Faltas Justificadas por Auxílio Doença
A65: (4) | B65: Faltas Legais - Art. 473 CLT
A66: IV | B66: Encargos Sociais - Grupo IV: Indenizações | H66: % | I66: Valor Mensal/unidade de serviço (R$)
A67: 1 | B67: INDENIZAÇÕES | H67: 0.023627 | I67: =I40*H67 -> 46.324256
A68: 2 | B68: FGTS SOBRE INDENIZAÇÕES | H68: 0.001717 | I68: =I40*H68 -> 3.3664345
A69: 3 | B69: INDENIZAÇÃO COMPENSATÓRIA POR DEMISSÃO SEM JUSTA CAUSA | H69: 0.009451 | I69: =I40*H69 -> 18.530095
A70: Total do Grupo IV | H70: =SUM(H67:H69) -> 0.034795 | I70: =SUM(I67:I69) -> 68.220785
A72: V | B72: Encargos Sociais - Grupo V: Incidências | H72: % | I72: Valor Mensal/unidade de serviço (R$)
A73: 1 | B73: INCIDÊNCIA GRUPO II (Obrigações Sociais) X GRUPO III (Tempo Não Trabalhado) | H73: =(H51*H63) -> 0.087445449 | I73: =I40*H73 -> 171.44984
A74: Total do Grupo V | H74: =SUM(H73:H73) -> 0.087445449 | I74: =I73 -> 171.44984
A76: TOTAL DOS ENCAGOS SOCIAIS (II + III + IV + V) | H76: =H51+H63+H70+H74 -> 0.72018345 | I76: =I51+I63+I70+I74 -> 1412.027
A78: VI | B78: Demais custos relativos à Norma Coletiva ou Disposições Legais - Grupo VI | H78: % | I78: Valor Mensal/unidade de serviço (R$)
A79: 1 | B79: Auxílio Alimentação | H79: =I79/I40 -> 0.21522342 | I79: =I96 -> 421.9776
A80: 2 | B80: Auxílio Lanche | H80: =I80/I40 -> 0 | I80: =I92 -> 0
A81: 3 | B81: Vale-Transporte⁽⁵⁾ | H81: =I81/I40 -> 0.064862286 | I81: =I88 -> 127.17218
A82: 4 | B82: Adicional Intervalar | H82: =I82/I40 -> 0 | I82: =IF(I26="Não aplicável",0,((I10/H10)*1.5*I26)) -> 0
A83: 5 | B83: Outros (plano de benefício social Familiar) | H83: =I83/I40 -> 0.0099048831 | I83: =IF(I21="Não aplicável",0,I21) -> 19.42
A84: Total do Grupo VI | H84: =SUM(H79:H83) -> 0.28999059 | I84: =SUM(I79:I83) -> 568.56978
A85: (5) | B85: O valor do vale-transporte pode variar de acordo com o modal fornecido pelo empregador.
A86: MEMÓRIA DE CÁLCULO DO VALE TRANSPORTE
A87: Valor Unitário | C87: Dias de Trabalho | D87: Vale p/dia | E87: Custo total | F87: Base de cálculo | G87: Percentual de desconto | H87: Valor desconto | I87: Custo efetivo
A88: =I12 -> 4.8 | C88: =I13 -> 22 | D88: 2 | E88: =A88*C88*D88 -> 211.2 | F88: =I31 -> 1400.4636 | G88: =I14 -> 0.06 | H88: =F88*G88 -> 84.027818 | I88: =IF((E88-H88)>0,E88-H88,0) -> 127.17218
A90: MEMÓRIA DE CÁLCULO DO VALE LANCHE
A91: Valor Unitário | C91: Dias por mês | D91: Vale p/dia | E91: Custo total | F91: Base de cálculo | G91: Percentual de desconto | H91: Valor desconto | I91: Custo efetivo
A92: =I18 -> 11.84 | C92: =I19 -> 0 | D92: 1 | E92: =A92*C92*D92 -> 0 | F92: =E92 -> 0 | G92: =I20 -> 0 | H92: =F92*G92 -> 0 | I92: =E92-H92 -> 0
A94: MEMÓRIA DE CÁLCULO DO VALE ALIMENTAÇÃO
A95: Valor Unitário | C95: Dias por mês | D95: Vale p/dia | E95: Custo total | F95: Base de cálculo | G95: Percentual de desconto | H95: =H87 -> Valor desconto | I95: Custo efetivo
A96: =I15 -> 23.68 | C96: =I16 -> 22 | D96: 1 | E96: =A96*C96*D96 -> 520.96 | F96: =E96 -> 520.96 | G96: =I17 -> 0.19 | H96: =F96*G96 -> 98.9824 | I96: =E96-H96 -> 421.9776
A98: TOTAL DO MONTANTE A (I + II + III+ IV + V +VI) | H98: =H40+H76+H84 -> 2.010174 | I98: =I40+I76+I84 -> 3941.2459
A100: MONTANTE B
A101: I | B101: Despesas Diretas | H101: % | I101: Valor Mensal/unidade de serviço (R$)
A102: 1 | B102: Transporte (6) | H102: =I102/I113 -> 0 | I102: 0
A103: 2 | B103: Uniformes/EPI (6a) | H103: =I103/I113 -> 0 | I103: =IF(F111=10%,G111,0) -> 0
A104: 3 | B104: Seguro de vida | H104: =I104/I113 -> 0 | I104: 0
A105: 4 | B105: Materiais/Equipamentos | H105: =I105/I113 -> 0 | I105: 0
A106: 5 | B106: Mobilização (7) | H106: =I106/I113 -> 0 | I106: 0
A107: 6 | B107: Outros (especificar) | H107: =I107/I113 -> 0 | I107: 0
A108: Total de Despesas Diretas | H108: =H102+H103+H104+H105+H106+H107 -> 0 | I108: =SUM(I102:I107) -> 0
B109: (6) Somente será preenchido quando o licitante fornecer transporte próprio (6a) EPI - Equipamento de Proteção Individual (7) Tais custos de mobilização não são renováveis, devendo ser eliminados após o primeiro ano de contrato caso haja prorrogação
A111: LIMITE QUADRO I (Despesas Diretas) sobre Montante A (exceto Vale-transporte), conforme alíneas "b.2" e "b.3", Inc. II, art. 7º, do Decreto 52.768/2015, alterado pelo Decreto 53.424/2017: 10% SEM MATERIAIS/EQUIPAMENTOS; 20% COM MATERIAIS/EQUIPAMENTOS | F111: =I27 -> 0.2 | G111: =I113*F111 -> 762.81474 | H111: Dedução Vale Transporte | I111: =I81 -> 127.17218
...

Sheet jardinagem
A1: PLANILHA DE CUSTOS E FORMAÇÃO DE PREÇOS DE SERVIÇOS CONTINUADOS COM DEDICAÇÃO EXCLUSIVA DE MÃO DE OBRA (ANEXO III - DECRETO 52.768 de 15.12.2015)
A2: PROCESSO: | C2: 24/2000-0164648-0 | E2: REGIME DE TRIBUTAÇÃO: LUCRO PRESUMIDO
A3: LICITAÇÃO/EDITAL | E3: ABERTURA:
A5: Cargo/Função: | D5: Jardinagem | G5: =IF(D6="12x36","Regime de trabalho:","Quantidade de HORAS/MÊS") -> Quantidade de HORAS/MÊS | I5: =IF(D6="12x36",D6,5*D6) -> 200
A6: =IF(D6="12x36","Regime de trabalho:","Regime de trabalho (horas semanais):") -> Regime de trabalho (horas semanais): | D6: 40
A7: Convenção Coletiva de Trabalho: | D7: rs000044/2024 | G7: INSALUBRIDADE (10%, 20%, 40%) | I7: 0.4
A8: Origem do salário: | D8: rs000044/2024
A9: Cidade: | D9: Porto Alegre | G9: PERICULOSIDADE (30%) | I9: Não aplicável
A10: Salário Normativo | G10: Vlr. do salário e nº de horas correspondentes | H10: 220 | I10: 1540.51
A11: ISS | G11: =D9 -> Porto Alegre | H11: Alíquota | I11: 0.025
A12: Tarifa Transporte - cláusula vigésima | G12: CCT | H12: Vr. Unitário | I12: 4.8
H13: Dias | I13: 22
H14: Desconto | I14: 0.06
A15: Auxílio Alimentação - cláusula décima oitava | G15: CCT | H15: Vr. Unitário | I15: 23.68
H16: Dias | I16: 22
H17: Desconto | I17: 0.19
A18: Auxílio Lanche - cláusula décima nona | G18: CCT | H18: Vr. Unitário | I18: 11.84
H19: Dias | I19: 0
H20: Desconto | I20: 0
A21: Outros benefícios que refletem na planilha de custos, caso constem na CCT. Obs.: PARA POSTOS REFERENTE A CCT DA SINDASSEIO E SEEAC (LIMPEZA E OUTROS), UTILIZAR ESTE CAMPO PARA O PLANO DE BENEFÍCIO SOCIAL FAMILIAR. | G21: CCT | H21: Valor mensal | I21: 19.42
A22: Adicional de Supervisor (37%) | H22: Porcentagem | I22: Não aplicável
A23: Base de cálculo da insalubridade - cláusula décima sétima | H23: Valor | I23: =I31 -> 1400.4636
A24: Quantitativo de horas trabalhadas em feriados no mês (estimado) - Não aplicável para postos 12x36 | H24: Horas por mês | I24: Não aplicável
H25: Acréscimo da hora extra | I25: Não aplicável
A26: Hora Intervalar (somente para postos 12x36, quando for o caso) | H26: Horas por mês | I26: Não aplicável
A27: Sem fornecimento de materiais ou apenas fornecimento de EPIs ou uniformes, utilizar 10%. Com fornecimento de materiais ou equipamentos, utilizar 20%. (Decreto 52.768/2015, alterado pelo Decreto 53.424/2017) | H27: Porcentagem | I27: 0.2
A29: MONTANTE A
A30: I | B30: Remuneração - Grupo I | H30: % | I30: Valor Mensal/unidade de serviço (R$)
A31: 1 | B31: Salário | H31: =I31/I40 -> 0.71428571 | I31: =IF(D6="12x36",I10,I10/H10*I5) -> 1400.4636
A32: =A31+1 -> 2 | B32: Adicional Periculosidade 30% (Ver súmulas 364, 132 e 191 do TST) | H32: =I32/I40 -> 0 | I32: =IF(I9=30%,I31*I9,0) -> 0
A33: =A32+1 -> 3 | B33: Adicional Insalubridade 10% (Ver súmula 228 e 139 TST) | H33: =I33/I40 -> 0 | I33: =IF(I7=10%,I23*I7,0) -> 0
A34: =A33+1 -> 4 | B34: Adicional Insalubridade 20% (Ver súmula 228 e 139 TST) | H34: =I34/I40 -> 0 | I34: =IF(I7=20%,I23*I7,0) -> 0
A35: =A34+1 -> 5 | B35: Adicional Insalubridade 40% (Ver súmula 228 e 139 TST) | H35: =I35/I40 -> 0.28571429 | I35: =IF(I7=40%,I23*I7,0) -> 560.18545
A36: =A35+1 -> 6 | B36: Adicional de Supervisor (IN 02/2008 MPOG SLTI) | H36: =I36/I40 -> 0 | I36: =IF(I22="Não aplicável",0,I31*I22) -> 0
A37: =A36+1 -> 7 | B37: Feriados | H37: =I37/I40 -> 0 | I37: =IF(I24="Não aplicável",0,(I31+I32+I33+I34+I35+I36+I39)/I5*I24*(1+I25)) -> 0
A38: =A37+1 -> 8 | B38: DSR = número total das horas extras do mês / número de dias úteis X domingos e feriados do mês X valor da hora extra com acréscimo | H38: =I38/I40 -> 0 | I38: =IF(I24="Não aplicável",0,I24/I13*5*(I10/H10*(1+I25))) -> 0
A39: =A38+1 -> 9 | B39: =IF(D6="12x36","Para postos 12x36 os feriados são considerados compensados, conforme parágrafo único, Art. 59-A da CLT","Outros") -> Outros | H39: =I39/I40 -> 0 | I39: 0
A40: Total de Remuneração | H40: =SUM(H31:H39) -> 1 | I40: =SUM(I31:I39) -> 1960.6491
A42: II | B42: Encargos Sociais - Grupo II: Obrigações Sociais | H42: % | I42: Valor Mensal/unidade de serviço (R$)
A43: 1 | B43: INSS (art. 22, inc. I, Lei nº 8.212/91) | H43: 0.2 | I43: =I40*H43 -> 392.12982
A44: 2 | B44: SESI ou SESC (art. 30, Lei nº 8.036/90) | H44: 0.015 | I44: =I40*H44 -> 29.409736
A45: 3 | B45: SENAI ou SENAC (Decreto-Lei nº 2.318/86) | H45: 0.01 | I45: =I40*H45 -> 19.606491
A46: 4 | B46: INCRA (art. 15I, Lei Complementar nº 011/71) | H46: 0.002 | I46: =I40*H46 -> 3.9212982
A47: 5 | B47: SALÁRIO EDUCAÇÃO (art. , inc. I, Decreto nº 87.043/82) | H47: 0.025 | I47: =I40*H47 -> 49.016227
A48: 6 | B48: FGTS (art. 15, Lei nº 8.036/90) | H48: 0.08 | I48: =I40*H48 -> 156.85193
A49: 7 | B49: SEG. ACIDENTE DO TRABALHO 1%, 2% e 3% (art. 22, inc. II, alíneas "b" e "c", da Lei nº 8.212/91) | H49: 0.005 | I49: =I40*H49 -> 9.8032455
A50: 8 | B50: SEBRAE (§ 3º, art. 8º, Lei nº 8.029/90) | H50: 0.006 | I50: =I40*H50 -> 11.763895
A51: Total do Grupo II | H51: =SUM(H43:H50) -> 0.343 | I51: =SUM(I43:I50) -> 672.50264
A52: Os percentuais para o SAT podem variar de 0,50% a 6,00% em função do Fator de Acidente Previdenciário (FAP), Decreto nº 6.957/2009
A53: Deverá obrigatoriamente acompanhar a proposta de preços e a planilha de custos e formação de preços a prova do Fator Acidentário de Prevenção – FAP por meio de impressão de consulta ao site do Ministério da Previdência Social (que pode ser obtido no endereço eletrônico http://www2.dataprev.gov.br/fap/fap.htm), independentemente de alteração da alíquota da parcela do Seguro Acidente de Trabalho disposta no Quadro II da referida planilha.
A54: III | B54: Encargos Sociais - Grupo III: Tempo Não Trabalhado | H54: % | I54: Valor Mensal/unidade de serviço (R$)
A55: 1 | B55: FÉRIAS GOZADAS + ADICIONAL DE FÉRIAS | H55: 0.119314 | I55: =I40*H55 -> 233.93289
A56: 2 | B56: FALTAS ABONADAS (3) | H56: 0.020479 | I56: =I40*H56 -> 40.152133
A57: 3 | B57: FALTAS LEGAIS (4) | H57: 0.012123 | I57: =I40*H57 -> 23.768949
A58: 4 | B58: LICENÇA MATERNIDADE | H58: 0.011436 | I58: =I40*H58 -> 22.421983
A59: 5 | B59: LICENÇA PATERNIDADE | H59: 0.000174 | I59: =I40*H59 -> 0.34115294
A60: 6 | B60: ACIDENTE DE TRABALHO | H60: 0.000442 | I60: =I40*H60 -> 0.8666069
A61: 7 | B61: AVISO PRÉVIO TRABALHADO | H61: 0.000185 | I61: =I40*H61 -> 0.36272008
A62: 8 | B62: 13º SALÁRIO | H62: 0.09079 | I62: =I40*H62 -> 178.00733
A63: Total do Grupo III | H63: =SUM(H55:H62) -> 0.254943 | I63: =SUM(I55:I62) -> 499.85376
A64: (3) | B64: Faltas Justificadas por Auxílio Doença
A65: (4) | B65: Faltas Legais - Art. 473 CLT
A66: IV | B66: Encargos Sociais - Grupo IV: Indenizações | H66: % | I66: Valor Mensal/unidade de serviço (R$)
A67: 1 | B67: INDENIZAÇÕES | H67: 0.023627 | I67: =I40*H67 -> 46.324256
A68: 2 | B68: FGTS SOBRE INDENIZAÇÕES | H68: 0.001717 | I68: =I40*H68 -> 3.3664345
A69: 3 | B69: INDENIZAÇÃO COMPENSATÓRIA POR DEMISSÃO SEM JUSTA CAUSA | H69: 0.009451 | I69: =I40*H69 -> 18.530095
A70: Total do Grupo IV | H70: =SUM(H67:H69) -> 0.034795 | I70: =SUM(I67:I69) -> 68.220785
A72: V | B72: Encargos Sociais - Grupo V: Incidências | H72: % | I72: Valor Mensal/unidade de serviço (R$)
A73: 1 | B73: INCIDÊNCIA GRUPO II (Obrigações Sociais) X GRUPO III (Tempo Não Trabalhado) | H73: =(H51*H63) -> 0.087445449 | I73: =I40*H73 -> 171.44984
A74: Total do Grupo V | H74: =SUM(H73:H73) -> 0.087445449 | I74: =I73 -> 171.44984
A76: TOTAL DOS ENCAGOS SOCIAIS (II + III + IV + V) | H76: =H51+H63+H70+H74 -> 0.72018345 | I76: =I51+I63+I70+I74 -> 1412.027
A78: VI | B78: Demais custos relativos à Norma Coletiva ou Disposições Legais - Grupo VI | H78: % | I78: Valor Mensal/unidade de serviço (R$)
A79: 1 | B79: Auxílio Alimentação | H79: =I79/I40 -> 0.21522342 | I79: =I96 -> 421.9776
A80: 2 | B80: Auxílio Lanche | H80: =I80/I40 -> 0 | I80: =I92 -> 0
A81: 3 | B81: Vale-Transporte⁽⁵⁾ | H81: =I81/I40 -> 0.064862286 | I81: =I88 -> 127.17218
A82: 4 | B82: Adicional Intervalar | H82: =I82/I40 -> 0 | I82: =IF(I26="Não aplicável",0,((I10/H10)*1.5*I26)) -> 0
A83: 5 | B83: Outros (plano de benefício social Familiar) | H83: =I83/I40 -> 0.0099048831 | I83: =IF(I21="Não aplicável",0,I21) -> 19.42
A84: Total do Grupo VI | H84: =SUM(H79:H83) -> 0.28999059 | I84: =SUM(I79:I83) -> 568.56978
A85: (5) | B85: O valor do vale-transporte pode variar de acordo com o modal fornecido pelo empregador.
A86: MEMÓRIA DE CÁLCULO DO VALE TRANSPORTE
A87: Valor Unitário | C87: Dias de Trabalho | D87: Vale p/dia | E87: Custo total | F87: Base de cálculo | G87: Percentual de desconto | H87: Valor desconto | I87: Custo efetivo
A88: =I12 -> 4.8 | C88: =I13 -> 22 | D88: 2 | E88: =A88*C88*D88 -> 211.2 | F88: =I31 -> 1400.4636 | G88: =I14 -> 0.06 | H88: =F88*G88 -> 84.027818 | I88: =IF((E88-H88)>0,E88-H88,0) -> 127.17218
A90: MEMÓRIA DE CÁLCULO DO VALE LANCHE
A91: Valor Unitário | C91: Dias por mês | D91: Vale p/dia | E91: Custo total | F91: Base de cálculo | G91: Percentual de desconto | H91: Valor desconto | I91: Custo efetivo
A92: =I18 -> 11.84 | C92: =I19 -> 0 | D92: 1 | E92: =A92*C92*D92 -> 0 | F92: =E92 -> 0 | G92: =I20 -> 0 | H92: =F92*G92 -> 0 | I92: =E92-H92 -> 0
A94: MEMÓRIA DE CÁLCULO DO VALE ALIMENTAÇÃO
A95: Valor Unitário | C95: Dias por mês | D95: Vale p/dia | E95: Custo total | F95: Base de cálculo | G95: Percentual de desconto | H95: =H87 -> Valor desconto | I95: Custo efetivo
A96: =I15 -> 23.68 | C96: =I16 -> 22 | D96: 1 | E96: =A96*C96*D96 -> 520.96 | F96: =E96 -> 520.96 | G96: =I17 -> 0.19 | H96: =F96*G96 -> 98.9824 | I96: =E96-H96 -> 421.9776
A98: TOTAL DO MONTANTE A (I + II + III+ IV + V +VI) | H98: =H40+H76+H84 -> 2.010174 | I98: =I40+I76+I84 -> 3941.2459
A100: MONTANTE B
A101: I | B101: Despesas Diretas | H101: % | I101: Valor Mensal/unidade de serviço (R$)
A102: 1 | B102: Transporte (6) | H102: =I102/I113 -> 0 | I102: 0
A103: 2 | B103: Uniformes/EPI (6a) | H103: =I103/I113 -> 0 | I103: =IF(F111=10%,G111,0) -> 0
A104: 3 | B104: Seguro de vida | H104: =I104/I113 -> 0 | I104: 0
A105: 4 | B105: Materiais/Equipamentos | H105: =I105/I113 -> 0 | I105: 0
A106: 5 | B106: Mobilização (7) | H106: =I106/I113 -> 0 | I106: 0
A107: 6 | B107: Outros (especificar) | H107: =I107/I113 -> 0 | I107: 0
A108: Total de Despesas Diretas | H108: =H102+H103+H104+H105+H106+H107 -> 0 | I108: =SUM(I102:I107) -> 0
B109: (6) Somente será preenchido quando o licitante fornecer transporte próprio (6a) EPI - Equipamento de Proteção Individual (7) Tais custos de mobilização não são renováveis, devendo ser eliminados após o primeiro ano de contrato caso haja prorrogação
A111: LIMITE QUADRO I (Despesas Diretas) sobre Montante A (exceto Vale-transporte), conforme alíneas "b.2" e "b.3", Inc. II, art. 7º, do Decreto 52.768/2015, alterado pelo Decreto 53.424/2017: 10% SEM MATERIAIS/EQUIPAMENTOS; 20% COM MATERIAIS/EQUIPAMENTOS | F111: =I27 -> 0.2 | G111: =I113*F111 -> 762.81474 | H111: Dedução Vale Transporte | I111: =I81 -> 127.17218
...

Sheet resumo
A1: Quadro Resumo Mensal
A2: Função | D2: Cidade | E2: Carga Horária | F2: Dias da semana | G2: Valor Unitário | H2: Nº de Postos | I2: Valor Total
A3: Limpeza | D3: Porto Alegre | E3: 40h | F3: seg-sex | G3: =Limpeza!G170 -> 4199.52 | H3: 5 | I3: =H3*G3 -> 20997.6
A4: Jardinagem | D4: Porto Alegre | E4: 40h | F4: seg-sex | G4: =jardinagem!I172 -> 4199.52 | H4: 1 | I4: =H4*G4 -> 4199.52
A5: TOTAL | H5: =SUM(H3:H4) -> 6 | I5: =SUM(I3:I4) -> 25197.12
A7: RESUMO DO CONTRATO
A9: Categoria | B9: Quant. | C9: Valor Unit.MA | D9: Valor Unit MB | E9: Valor Unit MC | F9: Total MA | G9: TotalMB | H9: Total MC | I9: Total
A10: Limpeza | B10: =H3 -> 5 | C10: =Limpeza!I156 -> 3941.25 | D10: =Limpeza!I162 -> 0 | E10: =Limpeza!I166 -> 258.27 | F10: =C10*B10 -> 19706.25 | G10: =D10*B10 -> 0 | H10: =E10*B10 -> 1291.35 | I10: =SUM(F10:H10) -> 20997.6
A11: Jardinagem | B11: 1 | C11: =jardinagem!I156 -> 3941.25 | D11: =jardinagem!I162 -> 0 | E11: =jardinagem!I166 -> 258.27 | F11: =C11*B11 -> 3941.25 | G11: =D11*B11 -> 0 | H11: =E11*B11 -> 258.27 | I11: =SUM(F11:H11) -> 4199.52
H14: Montante A | I14: =SUM(F10:F11) -> 23647.5
H15: Montante B | I15: =SUM(G10:G11) -> 0
H16: Montante C | I16: =SUM(H10:H11) -> 1549.62
H17: Total | I17: =SUM(I14:I16) -> 25197.12
